 Dungeon Crawl Stone Soup version 0.16.2-12-gd0ad4c3 (webtiles) character file.

130 graki42 the Magician (level 4, -1/24 HPs)
             Began as a Deep Elf Fire Elementalist on Oct 2, 2015.
             Slain by Charly's ghost (4 damage)
             ... on level 3 of the Dungeon.
             The game lasted 00:08:34 (2071 turns).

graki42 the Magician (Deep Elf Fire Elementalist)   Turns: 2071, Time: 00:08:35

Health: -1/24      AC:  2    Str:  6    XL:     4   Next: 89%
Magic:  5/17       EV: 13    Int: 20    God:
Gold:   106        SH:  0    Dex: 15    Spells: 3 memorised, 6 levels left

rFire  . . .     SeeInvis .     g - +0 short sword (speed)
rCold  . . .     Clarity  .     a - +0 robe
rNeg   . . .     SustAb   .     (no shield)
rPois  .         Gourm    .     (no helmet)
rElec  .         Spirit   .     (no cloak)
rCorr  .         Warding  .     (no gloves)
rMut   .         Stasis   .     (no boots)
MR     .....                    (no amulet)
Stlth  ++........               (no ring)
                                (no ring)

@: very slightly contaminated, not resistant to hostile enchantments, unstealthy
A: no striking features
a: no special abilities


You were on level 3 of the Dungeon.
You were not hungry.

You visited 1 branch of the dungeon, and saw 3 of its levels.

You collected 106 gold pieces.

Inventory:

Hand weapons
 g - a +0 short sword of speed (weapon)
Armour
 a - a +0 robe (worn)
Scrolls
 d - a scroll of teleportation {unknown}
 f - a scroll of fog {unknown}
 i - a scroll of noise {unknown}
 j - a scroll of enchant weapon {unknown}
 k - a scroll of immolation {unknown}
 m - a scroll of recharging {unknown}
 n - a scroll of identify {unknown}
 o - 2 scrolls of remove curse {unknown}
 q - a scroll of blinking {unknown}
Potions
 e - a potion of heal wounds {unknown}
 h - 3 potions of flight {unknown}
 l - a potion of curing {unknown}
Books
 b - a book of Flames

   Spells                             Type                      Level
   a - Flame Tongue                   Conjuration/Fire             1
   b - Throw Flame                    Conjuration/Fire             2
   c - Conjure Flame                  Conjuration/Fire             3
   d - Inner Flame                    Hexes/Fire                   3
   e - Sticky Flame                   Conjuration/Fire             4
   f - Fireball                       Conjuration/Fire             5
Comestibles
 c - 4 bread rations
 p - a chunk of flesh


   Skills:
 + Level 0.1 Fighting
 + Level 2.8 Dodging
 + Level 2.7 Stealth
 + Level 5.0 Spellcasting
 + Level 2.3 Conjurations
 + Level 4.2 Fire Magic


You had 6 spell levels left.
You knew the following spells:

 Your Spells              Type           Power        Failure   Level  Hunger
a - Flame Tongue          Conj/Fire      ###..        2%          1    None
b - Conjure Flame         Conj/Fire      ###.....     10%         3    ##.....
c - Inner Flame           Hex/Fire       ##......     17%         3    ##.....


Dungeon Overview and Level Annotations

Branches:
Dungeon (3/15)

Altars:
Nemelex Xobeh

Annotations:
D:3 Charly's ghost, weakling DsAs


Message History

Charly's ghost is heavily damaged.
Charly's ghost hits you.
* * * LOW HITPOINT WARNING * * *
Casting: Flame Tongue
Confirm with . or Enter, or press ? or * to list all spells.
Aiming: Flame Tongue
Press: ? - help, Shift-Dir - straight line, f/p - Charly's ghost
Aim: Charly's ghost (heavily damaged)
The flame tongue hits Charly's ghost.
Charly's ghost resists.
Charly's ghost is severely damaged.
Charly's ghost closely misses you.
Casting: Flame Tongue
Confirm with . or Enter, or press ? or * to list all spells.
Aiming: Flame Tongue
Press: ? - help, Shift-Dir - straight line, f/p - Charly's ghost
Aim: Charly's ghost (severely damaged)
The flame tongue hits Charly's ghost.
Charly's ghost resists.
Charly's ghost is severely damaged.
Charly's ghost hits you.
You die...

...........###.#....#
..................###
..................#
###..............#
........###'#####.#
.......†##.....##.#
........##.....##.#
........##.....##.#.##
...>...........@....#
......###.#####W#..#
.....# #.# .# # ...
... .. ##.. .#. . .#.#
.# # .# .


You could see Charly's ghost.

Vanquished Creatures
  Jessica (D:2)
  5 adders (D:2)
  2 bats
  6 giant cockroaches
  8 goblins
  6 hobgoblins
  13 jackals
  8 kobolds
  A quokka (D:3)
  A ball python (D:1)
  2 giant newts (D:2)
  10 rats
63 creatures vanquished.

Notes
Turn   | Place    | Note
--------------------------------------------------------------
     0 | D:1      | graki42, the Deep Elf Fire Elementalist, began the quest for the Orb.
     0 | D:1      | Reached XP level 1. HP: 10/10 MP: 5/5
   189 | D:1      | Reached XP level 2. HP: 10/15 MP: 3/8
   823 | D:1      | Reached skill level 4 in Fire Magic
   929 | D:2      | Reached XP level 3. HP: 19/19 MP: 6/11
   937 | D:2      | Found a sparkling altar of Nemelex Xobeh.
  1294 | D:2      | Reached XP level 4. HP: 18/24 MP: 10/15
  1533 | D:2      | Learned a level 3 spell: Conjure Flame
  1537 | D:2      | Learned a level 3 spell: Inner Flame
  1769 | D:2      | Noticed Jessica
  1807 | D:2      | Killed Jessica
  1853 | D:2      | Reached skill level 5 in Spellcasting
  2058 | D:3      | Noticed Charly's ghost (weakling DsAs)
  2071 | D:3      | Slain by Charly's ghost

Action                   |  1- 3 |  4- 6 || total
-------------------------+-------+-------++-------
Melee: Short sword       |     3 |       ||     3
 Cast: Flame Tongue      |    71 |    64 ||   135
  Eat: Chunk             |       |     3 ||     3
